 Dungeon Crawl Stone Soup version 0.29-a0-384-g6960b1960d (webtiles) character file.

Game seed: 10675615699729452655

148 zeratav the Shooter (level 5, -1/30 HPs)
             Began as a Tengu Hunter on May 6, 2022.
             Succumbed to a water moccasin's poison
             ... on level 4 of the Dungeon.
             The game lasted 00:02:55 (2218 turns).

zeratav the Shooter (Tengu Hunter)                  Turns: 2218, Time: 00:02:56

Health: -1/30      AC:  6    Str: 18    XL:     5   Next: 30%
Magic:  6/6        EV: 14    Int:  9    God:
Gold:   69         SH:  0    Dex: 19    Spells: 4/4 levels left

rFire   + . .      SeeInvis .   a - +1 shortbow {bow}
rCold   . . .      Faith    .   (shield currently unavailable)
rNeg    . . .      Spirit   .   j - +3 leather armour {rF+}
rPois   .          Reflect  .   (helmet restricted)
rElec   .          Harm     .   (no cloak)
rCorr   .          Rampage  .   (no gloves)
Will    .....                   (boots unavailable)
Stlth   ++........              (no amulet)
HPRegen 0.10/turn               s - +6 ring of strength
MPRegen 0.10/turn               (no ring)

@: lethally poisoned (-1 -> -15), flying quickly and evasively, quick
A: beak, talons 3, nimble flight
a: no special abilities


You were on level 4 of the Dungeon.
You visited 1 branch of the dungeon, and saw 4 of its levels.

You collected 189 gold pieces.
You spent 120 gold pieces at shops.


Innate Abilities, Weirdness & Mutations

You have a beak for a mouth.
You have claws for feet.
Your magical nature lets you fly swiftly and evasively.


   Skills:
 - Level 2.0 Fighting
 + Level 7.1 Bows
 - Level 2.1 Dodging
 - Level 1.0 Stealth


You had 4 spell levels left.
You didn't know any spells.
Your spell library contained the following spells:

 Spells                   Type           Power      Damage    Failure   Level
 Sting                    Tmut/Pois      0%         1d3       43%         1
 Blink                    Tloc           0%         N/A       58%         2
 Poisonous Vapours        Pois/Air       0%         N/A       58%         2
 Lesser Beckoning         Tloc           0%         N/A       82%         3
 Olgreb's Toxic Radiance  Pois           0%         N/A       99%         4
 Manifold Assault         Tloc           0%         N/A       100%        5

Inventory:

Hand Weapons
 a - a +1 shortbow (weapon) {bow}
Armour
 b - a +0 leather armour of cold resistance
   (You found it on level 4 of the Dungeon)
 j - a +3 leather armour of fire resistance (worn)
   (You bought it in a shop on level 2 of the Dungeon)
Jewellery
 s - a +6 ring of strength (left hand)
   (You found it on level 2 of the Dungeon)
Scrolls
 c - a scroll of immolation {!r!r}
 e - 3 scrolls of teleportation {unknown}
 f - a scroll of amnesia {unknown}
 i - 3 scrolls of identify {unknown}
 k - a scroll of vulnerability {unknown}
 m - a scroll of fear {unknown}
 p - a scroll of noise {unknown}
 q - a scroll of enchant armour {unknown}
 r - a scroll of magic mapping {unknown}
 t - a scroll of poison {unknown}
Potions
 d - 3 potions of haste {unknown}
 g - 3 potions of invisibility {unknown}
 h - 2 potions of cancellation {unknown}
 l - a potion of lignification {unknown}
 n - a potion of berserk rage {unknown}
 w - 3 potions of flight {unknown}

Dungeon Overview and Level Annotations

Branches:
Dungeon (4/15)
 Temple: D:4-7

Altars:

Shops:
D:2

* ### ..# ....... ####.#
#.......+ ..##.#
#.......# #.##.#
##.......# #.##.#
#........####.##.#
#........#....##@#######
#........#.#.....S......
#........#.#.......####.
.......................
#........#....##.#..###
#........#..####......
#........#.............
#............###........
#...#'#....#.# #........


You could see a water moccasin.


Message History

No target in view!
No target in view!
No target in view!
No target in view!
No target in view!
No target in view!
No target in view!
No target in view!
No target in view!
A water moccasin comes into view.
You shoot an arrow. The water moccasin hisses angrily.
The arrow hits the water moccasin!
You shoot an arrow. The arrow misses the water moccasin.
You shoot an arrow.
The arrow closely misses the water moccasin.
You shoot an arrow.
The arrow closely misses the water moccasin.
The water moccasin bites you but does no damage.
You shoot an arrow.
The arrow barely misses the water moccasin.
The water moccasin closely misses you. The water moccasin misses you.
You shoot an arrow. The arrow hits the water moccasin!
The water moccasin bites you.
The water moccasin bites you but does no damage.
You shoot an arrow. The arrow hits the water moccasin!
The water moccasin misses you.
You shoot an arrow. The arrow hits the water moccasin.
The water moccasin misses you. The water moccasin bites you.
You shoot an arrow.
The arrow barely misses the water moccasin.
The water moccasin bites you.
You are too injured to fight recklessly!
You are too injured to fight recklessly!
You are too injured to fight recklessly!
You are too injured to fight recklessly!
You are too injured to fight recklessly!
You are too injured to fight recklessly!
You are too injured to fight recklessly!
You are too injured to fight recklessly!
You are too injured to fight recklessly!
You are too injured to fight recklessly!
You are too injured to fight recklessly!
You are too injured to fight recklessly!
You are too injured to fight recklessly!
You are too injured to fight recklessly!
HP[-10]
You take 10 damage, and now have 20/30 hp.
MASSIVE DAMAGE!! (PAUSE)
You are too injured to fight recklessly!
You are too injured to fight recklessly!
You are too injured to fight recklessly!
You are too injured to fight recklessly!
You are too injured to fight recklessly!
You are too injured to fight recklessly!
You are too injured to fight recklessly!
You are too injured to fight recklessly!
You are too injured to fight recklessly!
You are too injured to fight recklessly!
You are too injured to fight recklessly!
You are too injured to fight recklessly!
You are too injured to fight recklessly!
You are too injured to fight recklessly!
You are too injured to fight recklessly!
You are too injured to fight recklessly!
Shoot: a) +1 shortbow {bow}
Press: ? - help, Q - select action Shift-Dir - straight line, f/p - water moccasin
Aim: a water moccasin (almost dead, 51% to hit)
You shoot an arrow.
The arrow completely misses the water moccasin.
The water moccasin closely misses you. The water moccasin bites you.
* * * LOW HITPOINT WARNING * * *
Shoot: a) +1 shortbow {bow}
Press: ? - help, Q - select action Shift-Dir - straight line, f/p - water moccasin
Aim: a water moccasin (almost dead, 51% to hit)
You shoot an arrow.
The arrow barely misses the water moccasin.
The water moccasin bites you.
* * * LOW HITPOINT WARNING * * *
The water moccasin bites you but does no damage.
Shoot: a) +1 shortbow {bow}
Press: ? - help, Q - select action Shift-Dir - straight line, f/p - water moccasin
Aim: a water moccasin (almost dead, 51% to hit)
You shoot an arrow.
The arrow completely misses the water moccasin.
The water moccasin bites you.
* * * LOW HITPOINT WARNING * * *
The water moccasin bites you.
* * * LOW HITPOINT WARNING * * *
You are lethally poisoned!
The water moccasin poisons you!
HP[-17]
You take 17 damage, and now have 3/30 hp.
MASSIVE DAMAGE!! (PAUSE) Shoot: a) +1 shortbow {bow}
Press: ? - help, Q - select action Shift-Dir - straight line, f/p - water moccasin
Aim: a water moccasin (almost dead, 51% to hit)
You shoot an arrow.
The arrow closely misses the water moccasin.
You die...

Skill      XL: |  1  2  3  4  5 |
---------------+----------------+-----
Bows           | 5 6 7 |  7.1
Fighting       | |  2.0
Dodging        | |  2.1
Stealth        | |  1.0

Action                   |  1- 3 |  4- 6 || total
-------------------------+-------+-------++-------
 Fire: Shortbow          |    69 |    71 ||   140
Armor: Leather armour    |     1 |     8 ||     9
Dodge: Dodged            |     4 |    21 ||    25

Levels and vault maps discovered:
D:1:      lightli_arrival_isolated_outpost, layout_loops_ring
D:2:      layout_basic, chequers_ecumenical_altar_simple, serial_shops, shop,
          minmay_misc_feat_doors
D:3:      layout_basic
D:4:      layout_basic, minmay_temple_entry_mist, kennysheep_generic_room_15

Notes
Turn   | Place    | Note
-------+----------+-------------------------------------------
     0 | D:1      | zeratav the Tengu Hunter began the quest for the Orb.
     0 | D:1      | Reached XP level 1. HP: 12/12 MP: 2/2
     0 | D:1      | magus.rc [v1.9.6]
   193 | D:1      | Reached XP level 2. HP: 17/17 MP: 3/3
   254 | D:1      | Reached skill level 5 in Bows
   324 | D:1      | Reached XP level 3. HP: 21/21 MP: 4/4
   808 | D:2      | Found Fitiefoa's Assorted Antiques.
   909 | D:2      | Reached skill level 6 in Bows
   927 | D:2      | Reached XP level 4. HP: 26/26 MP: 5/5
  1112 | D:2      | Found a faded altar of an unknown god.
  1261 | D:3      | Identified the +5 short sword of Intuition {antimagic,
                  | *Slow rF++ Str+4 Int+4}
  1290 | D:3      | You pick up a book of Spatial Translocations and begin
                  | reading...
  1290 | D:3      | You add the spells Blink, Lesser Beckoning and Manifold
                  | Assault to your library.
  1447 | D:2      | Bought a dyed leather armour for 120 gold pieces
  2129 | D:4      | You add the spells Sting, Poisonous Vapours and Olgreb's
                  | Toxic Radiance to your library.
  2153 | D:4      | Gained mutation: Your magical nature lets you fly swiftly
                  | and evasively. [Tengu growth]
  2153 | D:4      | Reached XP level 5. HP: 30/30 MP: 6/6
  2194 | D:4      | Reached skill level 7 in Bows
  2205 | D:4      | Noticed a water moccasin
  2217 | D:4      | HP: 3/30 [water moccasin (5)]
  2218 | D:4      | Succumbed to a water moccasin's poison

Vanquished Creatures
  A howler monkey (D:4)
  An iguana (D:4)
  A gnoll (D:1)
  2 adders (D:2)
  3 worms (D:2)
  5 ball pythons
  7 bats
  4 endoplasms
  A giant cockroach (D:1)
  8 hobgoblins
  A quokka (D:2)
  5 frilled lizards
  5 kobolds
  9 rats
53 creatures vanquished.

Table legend:
 A = Non-vault XP
 B = Vault XP
 C = Vault XP percentage of total XP
 D = Non-vault monster count
 E = Vault monster count
 F = Vault count percentage of total count
                 A         B        C        D         E       F
            +---------+---------+-------+---------+---------+-------
      Total |     212 |       0 |   0.0 |      53 |       0 |   0.0
            +---------+---------+-------+---------+---------+-------
        D:1 |      44 |       0 |   0.0 |      20 |       0 |   0.0
        D:2 |      65 |       0 |   0.0 |      22 |       0 |   0.0
        D:3 |      10 |       0 |   0.0 |       7 |       0 |   0.0
        D:4 |      93 |       0 |   0.0 |       4 |       0 |   0.0
            +---------+---------+-------+---------+---------+-------

Illustrated notes

Table legend:
 A = Kills in this place as a percentage of kills in entire the game.
 B = Kills by you in this place as a percentage of kills by you in the entire game.
 C = Kills by friends in this place as a percentage of kills by friends in the entire game.
 D = Other kills in this place as a percentage of other kills in the entire game.
 E = Experience gained in this place as a percentage of experience gained in the entire game.
 F = Experience gained in this place divided by the number of levels of this place that you have seen.
                   A       B       C       D       E      F
               +-------+-------+-------+-------+-------+----------------------
         Total | 100.0 | 100.0 |   N/A |   N/A | 100.0 |  53.0
       Dungeon | 100.0 | 100.0 |   N/A |   N/A | 100.0 |  53.0
               +-------+-------+-------+-------+-------+----------------------

Table legend: (Time is in decaauts)
 A = Elapsed time spent in this place.
 B = Non-inter-level travel time spent in this place.
 C = Inter-level travel time spent in this place.
 D = Time resting spent in this place.
 E = Time spent auto-exploring this place.
 F = Levels seen in this place.
 G = Mean time per level.
                   A        B        C        D        E       F      G
               +--------+--------+--------+--------+--------+-----+--------+
         Total |   2255 |   2153 |    102 |      0 |   1866 |   4 |  563.8 |
       Dungeon |   2255 |   2153 |    102 |      0 |   1866 |   4 |  563.8 |
               +--------+--------+--------+--------+--------+-----+--------+

Top non-repeatable levels by time:
     D:3: 726 daAuts
     D:2: 670 daAuts
     D:1: 645 daAuts
     D:4: 212 daAuts
